 Dungeon Crawl Stone Soup version 0.23.1 (webtiles) character file.

Game seed: 8443216930356714498

236 wolfsongas the Skirmisher (level 6, -1/44 HPs)
             Began as a Gargoyle Fighter on Mar 2, 2019.
             Was a Believer of Lugonu.
             Slain by ck1fx's ghost (4 damage)
             ... on level 3 of the Dungeon.
             The game lasted 00:03:40 (2806 turns).

wolfsongas the Skirmisher (Gargoyle Fighter)        Turns: 2806, Time: 00:03:41

Health: -1/44      AC: 11    Str: 21    XL:     6   Next: 6%
Magic:  0/6        EV:  7    Int:  9    God:    Lugonu [**....]
Gold:   101        SH: 10    Dex:  9    Spells: 5/5 levels left

rFire    . . .     SeeInvis +   a - +1 war axe
rCold    + . .     Gourm    .   c - +1 shield
rNeg     + . .     Faith    .   b - +0 scale mail
rPois    ∞         Spirit   +   (no helmet)
rElec    +         Reflect  .   j - scarf {Spirit}
rCorr    .         Harm     .   (no gloves)
MR       .....                  (no boots)
Stlth    ..........             (no amulet)
HPRegen  0.14/turn              k - ring of protection from cold
MPRegen  0.10/turn              (no ring)

@: no status effects
A: see invisible, deterioration 1, high mp 1, negative energy resistance 1,
electricity resistance, unbreathing, petrification resistance, rot immunity, AC
+4
a: Depart the Abyss, Bend Space, Renounce Religion


You were on level 3 of the Dungeon.
You worshipped Lugonu.
Lugonu was pleased with you.
You were not hungry.

You visited 1 branch of the dungeon, and saw 3 of its levels.

You collected 101 gold pieces.

Inventory:

Hand Weapons
 a - a +1 war axe (weapon)
Armour
 b - a +0 scale mail (worn)
 c - a +1 shield (worn)
 j - a scarf of spirit shield (worn)
Jewellery
 k - a ring of protection from cold (left hand)
Wands
 o - a wand of iceblast (7)
Scrolls
 e - 4 scrolls of identify
 g - 2 scrolls of teleportation
 h - 3 scrolls of amnesia
 r - a scroll of blinking
Potions
 m - 2 potions of flight
Comestibles
 f - 3 rations


   Skills:
 * Level 7.2 Fighting
 - Level 1.7 Axes
 - Level 3.2 Armour
 - Level 3.2 Shields


You had 5 spell levels left.
You didn't know any spells.
Your spell library was empty.

Dungeon Overview and Level Annotations

Branches:
Dungeon (3/15)

Altars:
Lugonu

Annotations:
D:3 1 transporter, ck1fx's ghost, amateur HuAr


Innate Abilities, Weirdness & Mutations

You are resistant to torment.
Your stone body is resilient. (AC +4)
You are immune to poison.
You resist negative energy. (rN+)
You are resistant to electric shocks. (rElec)
You can survive without breathing.
You are immune to petrification.
You are immune to rotting.
You have supernaturally acute eyesight. (SInv)
Your body sometimes deteriorates upon taking damage.
You have an increased reservoir of magic. (+10% MP)


Message History

You completely miss ck1fx's ghost.
Ck1fx's ghost is severely damaged.
You block ck1fx's ghost's attack. Ck1fx's ghost barely misses you.
You closely miss ck1fx's ghost.
Ck1fx's ghost is severely damaged.
Ck1fx's ghost hits you but does no damage.
You miss ck1fx's ghost.
Ck1fx's ghost is severely damaged.
You block ck1fx's ghost's attack.
Ck1fx's ghost hits you but does no damage.
You completely miss ck1fx's ghost.
Ck1fx's ghost is severely damaged.
Ck1fx's ghost barely misses you.
You miss ck1fx's ghost.
Ck1fx's ghost is severely damaged.
You block ck1fx's ghost's attack. x2
You barely miss ck1fx's ghost.
Ck1fx's ghost is severely damaged.
Ck1fx's ghost hits you.
You die...

#.#.#######.## #.#
#.#.######...#########.#
#.#........©.........#.#
#.#..#############.#.#.#
#.#..#©..........#.#.#.#
#.#..#...........#.#.#.#
#(#..#..##...##..#.#.#)#
#.##.#..#8.W.8#..#.#.#.#
#....#..##.@.##..#.#.#.#
####.#.....©.....#.#.#.#####
#.#..##...##..#.#(#......
#.#..#8...8#..#.....#####
#.#..##...##..#.#........
#.#...........#.###.####.
#.#.....%[....#.# #.###..
#.#############.# #.##..♣
#.......©.......# #.#....


You could see ck1fx's ghost.

Vanquished Creatures
  Crazy Yiuf (D:2)
  A bullfrog skeleton (D:3)
  Natasha (D:2)
  7 adders
  An ooze (D:2)
  An adder zombie (D:3)
  A worm (D:3)
  2 leopard geckos
  An orc (D:3)
  4 giant cockroaches (D:2)
  11 goblins
  7 hobgoblins
  9 jackals
  3 quokkas
  A ball python (D:3)
  4 bats
  6 frilled lizards
  7 kobolds
  A leopard gecko zombie (D:3)
  11 rats
80 creatures vanquished.

Notes
Turn   | Place    | Note
-------+----------+-------------------------------------------
     0 | D:1      | wolfsongas the Gargoyle Fighter began the quest for the
                  | Orb.
     0 | D:1      | Reached XP level 1. HP: 14/14 MP: 1/1
    44 | D:1      | Reached XP level 2. HP: 18/20 MP: 2/2
    52 | D:1      | Reached skill level 4 in Fighting
   349 | D:1      | Reached XP level 3. HP: 24/24 MP: 3/3
   706 | D:2      | Reached skill level 5 in Fighting
   782 | D:2      | Reached XP level 4. HP: 23/31 MP: 2/4
  1121 | D:2      | Found a runed translucent door.
  1122 | D:2      | Noticed Crazy Yiuf
  1199 | D:2      | Noticed Natasha
  1207 | D:2      | Killed Natasha
  1621 | D:2      | Killed Crazy Yiuf
  1621 | D:2      | Reached skill level 6 in Fighting
  1621 | D:2      | Reached XP level 5. HP: 29/36 MP: 5/5
  2085 | D:3      | Found a faded altar of an unknown god.
  2315 | D:3      | Found a transporter.
  2317 | D:3      | Found a transporter.
  2317 | D:3      | Noticed ck1fx's ghost (amateur HuAr)
  2490 | D:3      | Gained mutation: Your body sometimes deteriorates upon
                  | taking damage. [potion of mutation]
  2490 | D:3      | Gained mutation: You have an increased reservoir of magic.
                  | (+10% MP) [potion of mutation]
  2490 | D:3      | Gained mutation: You have supernaturally acute eyesight.
                  | (SInv) [potion of mutation]
  2605 | D:3      | Became a worshipper of Lugonu the Unformed
  2605 | D:3      | Reached * piety under Lugonu
  2605 | D:3      | Reached ** piety under Lugonu
  2680 | D:3      | Reached skill level 7 in Fighting
  2683 | D:3      | Reached XP level 6. HP: 42/44 MP: 6/6
  2796 | D:3      | HP: 2/44 [ck1fx's ghost (2)]
  2806 | D:3      | Slain by ck1fx's ghost

Skill      XL: |  1  2  3  4  5 |
---------------+----------------+-----
Fighting       | 4 5 6 7 |  7.2
Axes           | |  1.7
Armour         | |  3.2
Shields        | |  3.2

Action                   |  1- 3 |  4- 6 || total
-------------------------+-------+-------++-------
Melee: War axe           |    92 |   257 ||   349
  Use: Scroll            |     3 |     5 ||     8
       Potion            |       |     7 ||     7
  Eat: Ration            |       |     2 ||     2
Armor: Scale mail        |    52 |   160 ||   212
Dodge: Dodged            |    49 |    79 ||   128
Block: Shield            |    54 |   132 ||   186
